[Event "French Top 16-A 2024"]
[Site "Chartres"]
[Date "2024.06.03"]
[Round "5.12"]
[White "Pichot, Alan"]
[Black "Warnier, Yanis"]
[Result "1-0"]
[ECO "B12"]
[WhiteElo "2635"]
[BlackElo "2171"]
[Annotator "TA"]
[PlyCount "131"]
[EventDate "2024.06.01"]
[EventType "team-tourn"]
[EventCountry "FRA"]
[SourceTitle "playchess.com"]
[Source "ChessBase"]
[SourceQuality "1"]
[TimeControl "40/5400+30:1800+30"]

1. e4 c6 2. d4 d5 3. e5 Bf5 4. Be3 e6 5. Nd2 Nd7 6. Ngf3 {[%emt 0:00:53] B12: Caro-Kann: Advance Variation.} h6 7. Nb3 Ne7 8. Be2 Qc7 9. O-O g5 10. a4 {[%emt 0:07:16] is the legacy move (10.Ne1).} Bg7 11. Ne1 O-O 12. f4 gxf4 $146 ({Predecessor:} 12... f6 13. exf6 Bxf6 14. Bd3 g4 15. h3 h5 16. hxg4 hxg4 17. Be2 g3 18. Bd3 Rf7 {0-1 Wieczorek,O (2432)-Leiva Rodriguez,J (2390) Titled Tuesday intern op 2nd Febr blitz 2016 (8)}) 13. Bxf4 (13. Rxf4 c5 $11) 13... c5 14. c3 a6 15. Qd2 Kh7 16. Nf3 Qb6 ({Black should play} 16... Ng6 $11) 17. Nxc5 $14 Nxc5 18. dxc5 Qxc5+ 19. Nd4 Be4 $1 20. Bd3 Nf5 ({Black should try} 20... Ng6 $14) 21. Rae1 $16 Nxd4 22. Bxe4+ dxe4 23. cxd4 (23. Qxd4 $6 Qxd4+ 24. cxd4 Rac8 $14) 23... Qd5 24. Re3 $1 Rad8 25. Rd1 Rh8 (25... f6 $142) 26. Rh3 $18 h5 (26... Kg8 {was called for.} 27. Rg3 (27. Bxh6 Rxh6 28. Rxh6 Bxe5 $16) 27... Kh7) 27. Rxh5+ $18 Kg8 28. Rxh8+ Kxh8 29. Bg5 Rd7 30. Bf6 $1 Kh7 31. Qf4 Bxf6 32. exf6 (32. Qxf6 $18 {And now h3 would win.} Qc4 33. d5) 32... Kg6 $16 33. h4 $1 Qf5 $2 (33... Rd8 $16 34. Rd2 e3 (34... Qf5 35. Qg3+ Kh5 36. Rf2 $18)) 34. Qg3+ $18 Kh5 35. Rf1 Qg6 36. Qe3 Rd5 $2 (36... Rd8 37. Rf4 Rg8 38. g4+ (38. Rxe4 $2 Qxg2#) (38. Qxe4 Qxe4 39. Rxe4 Rc8 $16) (38. Qe2+ Kh6 $18) 38... Kh6 (38... Kxh4 39. g5+ Kxg5 40. Qg3+ Kh6 41. Rh4+)) 37. Rf4 $18 e5 38. Rxe4 exd4 39. Qf3+ $2 (39. Qf4 {mates} Rf5 40. g4+ Kxh4 41. Qxf5 Qxf5 42. gxf5+ Kg5 43. Rxd4 Kxf5 44. Rd6) 39... Kh6 $18 40. Re8 $2 (40. g4 $18 {Re8 is the strong threat.} Rd8 41. Re7) 40... Qf5 $14 41. Qxf5 Rxf5 42. Rd8 ({Better is} 42. Re4 $1 $16) 42... Rxf6 $2 (42... Rf4 $11 {and Black has nothing to worry.}) 43. Rxd4 $18 a5 44. b4 $1 axb4 45. Rxb4 b6 46. Kh2 Rc6 47. Kg3 Kh5 48. Rf4 (48. Kh3 $18) 48... Kg6 $16 49. Rg4+ Kh6 50. Rb4 Kh5 $1 51. Kh3 f5 (51... Kh6 $142 52. Kg4 Kg6) 52. g3 $18 Kh6 $2 {[%emt 0:00:41] [#]} (52... Kg6 $16 {might work better.} 53. Kg2 Kf6) 53. Kg2 $1 $18 Kg6 54. Kf3 Kh6 $2 (54... Kg7 55. Kf4 Kf6) 55. Kf4 $18 Kg6 56. Ke5 Rc5+ 57. Kd4 $2 (57. Kd6 Rc3 58. Rxb6) 57... Rc6 $2 (57... Kh5 {is a better chance.} 58. Ke3 (58. Rxb6 Ra5 $11) 58... Re5+ 59. Kf4 Ra5) 58. Rc4 Re6 59. Kd5 Re3 {[%emt 0:00:04] [#]} 60. g4 $1 fxg4 $2 (60... Rd3+ 61. Kc6 fxg4 62. Rxg4+ Kh5) 61. Rxg4+ $18 Kh5 62. Rb4 Rc3 63. Rxb6 Kxh4 64. a5 Ra3 65. a6 Rc3 66. Rb4+ 1-0

[Event "French Top 16-A 2024"]
[Site "Chartres"]
[Date "2024.06.03"]
[Round "5.12"]
[White "Sohier, Julien"]
[Black "Loiseau, Quentin"]
[Result "0-1"]
[ECO "B54"]
[WhiteElo "2214"]
[BlackElo "2411"]
[Annotator "RC"]
[PlyCount "40"]
[EventDate "2024.06.01"]
[EventType "team-tourn"]
[EventCountry "FRA"]
[SourceTitle "playchess.com"]
[Source "ChessBase"]
[SourceQuality "1"]
[TimeControl "40/5400+30:1800+30"]

1. e4 c5 2. Nc3 d6 3. Nf3 a6 4. d4 cxd4 5. Nxd4 e6 6. Be2 b5 7. f4 b4 8. Na4 Bb7 9. Bf3 e5 10. Nf5 g6 11. Ne3 Nd7 12. Nc4 Qc7 13. b3 Ngf6 14. Qd3 Bc6 15. Bd2 Bxa4 16. bxa4 Rc8 17. Be2 Nc5 18. Qf3 Ncxe4 19. Bxb4 exf4 20. Qxf4 d5 0-1

[Event "French Top 16-A 2024"]
[Site "Chartres"]
[Date "2024.06.03"]
[Round "5.13"]
[White "Wirig, Anthony"]
[Black "De Balmann, Marc"]
[Result "1/2-1/2"]
[ECO "E60"]
[WhiteElo "2453"]
[BlackElo "2151"]
[Annotator "TA"]
[PlyCount "65"]
[EventDate "2024.06.01"]
[EventType "team-tourn"]
[EventCountry "FRA"]
[SourceTitle "playchess.com"]
[Source "ChessBase"]
[SourceQuality "1"]
[TimeControl "40/5400+30:1800+30"]

1. Nf3 Nf6 2. g3 g6 3. b3 Bg7 4. Bb2 O-O 5. Bg2 d6 6. d4 Nbd7 7. O-O c6 8. c4 Re8 9. Qc2 e5 10. e4 exd4 11. Nxd4 Nc5 12. Nd2 a5 13. Rae1 Qb6 14. h3 Nfd7 15. Ba1 a4 16. Ne2 axb3 17. axb3 Bxa1 18. Rxa1 Rxa1 19. Rxa1 Ne5 20. Qa2 Ned3 {[%emt 0:03:26][%cal Od3f2] [#] Hoping for ...Nxf2!} 21. Qa5 Qxa5 22. Rxa5 Kf8 23. Nc3 $1 Ke7 24. f4 (24. Na2 $11) 24... f6 (24... Kd8 $15) 25. Bf1 Nb4 26. h4 Kd8 27. Bg2 Kc7 28. Ra1 Bg4 29. Kf2 Nc2 30. Ra2 Nb4 31. Ra1 Nc2 {[%emt 0:00:05] Prevents Ra3} 32. Ra2 Nb4 33. Ra1 {[%emt 0:01:03] Weighted Error Value: White=0.15 (very precise) /Black=0.23 (precise) .  Mistake:       	White=1     	Black=1      Inaccurate:     	White=5     	---        OK:         	White=5     	Black=9      Best:        	White=1     	---        Strong:       	White=1     	---} 1/2-1/2

[Event "French Top 16-A 2024"]
[Site "Chartres"]
[Date "2024.06.03"]
[Round "5.13"]
[White "Saya, Ethan"]
[Black "Libiszewski, Fabien"]
[Result "0-1"]
[ECO "A68"]
[WhiteElo "2234"]
[BlackElo "2498"]
[Annotator "TA"]
[PlyCount "80"]
[EventDate "2024.06.01"]
[EventType "team-tourn"]
[EventCountry "FRA"]
[SourceTitle "playchess.com"]
[Source "ChessBase"]
[SourceQuality "1"]
[TimeControl "40/5400+30:1800+30"]

1. d4 Nf6 2. c4 c5 3. d5 g6 4. Nc3 Bg7 5. e4 O-O 6. f4 d6 7. Nf3 e6 8. Bd3 exd5 9. cxd5 Re8 10. O-O c4 11. Bc2 {[%emt 0:00:43] [#]} b5 $1 {[%emt 0:05:02] Threatening ...b4.} 12. a3 Na6 13. h3 b4 14. axb4 {[%emt 0:00:18] The position is equal.} Nxb4 15. Re1 a5 16. Be3 Rb8 17. Nd4 Ba6 ({Black should try} 17... Nh5 $11) 18. g4 $2 {[%emt 0:07:38] [#]} (18. Qd2 $14 {stays ahead.}) 18... Qc7 ({Better is} 18... Bb7 $1 $17 {[%cal Rf6d5] Threatens to win with ...Nfxd5!} 19. Bb1 Nfxd5 20. exd5 Nd3 21. Bxd3 Rxe3 22. Bxc4 (22. Rxe3 $2 Bxd4 23. Bxc4 Bxe3+ 24. Kg2 Bxf4 $19) 22... Rxe1+ (22... Rxh3 23. g5 $11) 23. Qxe1 Bxd4+ 24. Kf1 Bc8) 19. Bf2 (19. Nc6 $11) 19... Nd7 (19... h5 $15 {should be considered.}) 20. Na4 $2 {[%emt 0:06:21] [#] Black continues to play with concentration.} (20. Nc6 $1 $11 {and White has nothing to worry.}) 20... Nc5 $1 $19 21. Nxc5 dxc5 22. d6 Qxd6 23. e5 Qc7 24. Nf3 Red8 25. Qc1 Bb7 26. Be4 (26. Re3 $142) 26... Nd3 27. Qxc4 Bxe4 (27... Nxb2 28. Qxc5 Qxc5 29. Bxc5 $17) 28. Qxe4 Rxb2 29. Rf1 Rb4 30. Qe3 Nxf4 (30... Rxf4 31. Bg3 Rxf3 32. Rxf3 Bxe5 (32... Nxe5 33. Rff1 $17) 33. Bxe5 Nxe5 34. Rff1 $19) 31. Qxc5 Qb7 32. Be3 (32. Qxa5 $142 Re8 (32... Nxh3+ $2 33. Kh2 $19) 33. Bg3 Bxe5 (33... Nxh3+ $2 34. Kh2 $19) 34. Rae1 Bd4+ (34... Nxh3+ $2 35. Kh1 $19) 35. Kh1) 32... Rd5 33. Qa7 Nxh3+ ({Less strong is} 33... Bxe5 34. Qxb7 Rxb7 (34... Nxh3+ 35. Kg2 $17) 35. Nxe5 Nxh3+ 36. Kh2 Rxe5 37. Bd4 $19) 34. Kh2 (34. Kh1 $142 Qxa7 (34... Rxe5 35. Qxb7 Rxb7 36. Nxe5 $16) 35. Bxa7) 34... Qxa7 (34... Bxe5+ 35. Nxe5 Rxe5 36. Qxb7 Rxb7 37. Bd4 $11) 35. Bxa7 {[%emt 0:00:03] [#]} Ng5 {[%emt 0:01:36][%mdl 512] White must now prevent ...Nxf3+.} 36. Ra3 (36. Rac1 Nxf3+) 36... Rxg4 37. Bb8 Nxf3+ 38. Raxf3 Bxe5+ 39. Bxe5 Rxe5 40. Rxf7 Rh5# {[%emt 0:05:17] Weighted Error Value: White=0.83/Black=0.20 (precise) .  Loses game:     	White=1     	---        Mistake:       	White=5     	Black=3      Inaccurate:     	White=2     	Black=2      OK:         	White=10    	Black=13     Best:        	White=2     	Black=2      Strong:       	---       	Black=1      Brilliant:      	---       	Black=1} 0-1

[Event "French Top 16-A 2024"]
[Site "Chartres"]
[Date "2024.06.03"]
[Round "5.14"]
[White "Hejazipour, Mitra"]
[Black "Montaigne, Adrien"]
[Result "1/2-1/2"]
[ECO "E60"]
[WhiteElo "2376"]
[BlackElo "2008"]
[Annotator "RC"]
[PlyCount "136"]
[EventDate "2024.06.01"]
[EventType "team-tourn"]
[EventCountry "FRA"]
[SourceTitle "playchess.com"]
[Source "ChessBase"]
[SourceQuality "1"]
[TimeControl "40/5400+30:1800+30"]

1. Nf3 Nf6 2. c4 g6 3. d4 Bg7 4. g3 O-O 5. Bg2 d6 6. O-O Nc6 7. d5 Na5 8. Na3 c5 9. Re1 a6 10. e4 Rb8 11. Bf1 Bd7 12. Rb1 Qc7 13. Bg5 Rfe8 14. h3 h6 15. Bf4 b5 16. Qc1 Kh7 17. cxb5 axb5 18. b4 Nc4 19. Nxc4 bxc4 20. Qxc4 Bb5 21. Qxc5 Qxc5 22. bxc5 Bxf1 23. Rxb8 Rxb8 24. Kxf1 g5 25. Bc1 dxc5 26. Ne5 Kg8 27. Nc6 Re8 28. a4 e6 29. d6 Ra8 30. e5 Nd7 31. Re4 Ra6 32. Ne7+ Kf8 33. f4 gxf4 34. gxf4 Nb6 35. f5 exf5 36. Nxf5 h5 37. Bg5 c4 38. Re2 Rxa4 39. Kg1 Ra1+ 40. Kh2 Rf1 41. Ng3 Rb1 42. Nxh5 c3 43. Nxg7 Kxg7 44. Kg3 Nd7 45. Bf4 Kg6 46. Rc2 Nc5 47. Kg4 Rg1+ 48. Kf3 Rf1+ 49. Ke3 Rh1 50. Bh2 Kf5 51. Kd4 Ne4 52. Kc4 Rd1 53. h4 Rd2 54. Kb3 Rd3 55. Kc4 Rd2 56. Kb3 Rd3 57. Rg2 Ke6 58. Re2 Nd2+ 59. Kc2 Rh3 60. Bf4 Nf3 61. Re3 Nd4+ 62. Kxc3 Ne2+ 63. Kc4 Nxf4 64. Rxh3 Nxh3 65. h5 f5 66. exf6 Kxd6 67. h6 Ng5 68. Kd4 Ke6 1/2-1/2

[Event "French Top 16-A 2024"]
[Site "Chartres"]
[Date "2024.06.03"]
[Round "5.14"]
[White "Bosc, Seraphina"]
[Black "Sochacki, Christophe"]
[Result "0-1"]
[ECO "C54"]
[WhiteElo "2220"]
[BlackElo "2451"]
[Annotator "TA"]
[PlyCount "54"]
[EventDate "2024.06.01"]
[EventType "team-tourn"]
[EventCountry "FRA"]
[SourceTitle "playchess.com"]
[Source "ChessBase"]
[SourceQuality "1"]
[TimeControl "40/5400+30:1800+30"]

1. e4 e5 2. Nf3 Nc6 3. Bc4 Nf6 4. d3 Bc5 5. Bg5 h6 6. Bh4 g5 7. Bg3 d6 8. c3 a6 9. a4 Ba7 10. a5 Ne7 {[%emt 0:11:05] The position is equal.} 11. Qb3 (11. Nbd2 $11) 11... O-O $15 12. O-O c6 {[%emt 0:02:26] ...d5 is the strong threat.} 13. Qc2 Ng6 14. Nbd2 h5 {[%emt 0:11:53] Hoping for ...h4.} 15. d4 (15. Nxg5 $2 h4 16. Bxh4 Nxh4 $19) (15. h4 $17 g4 16. Ng5) 15... h4 $19 16. dxe5 (16. Bxe5 $142 dxe5 17. Nxg5) 16... Nh5 (16... hxg3 $2 17. exf6 Bxf2+ (17... gxf2+ 18. Rxf2 Bxf2+ 19. Kxf2 $19) 18. Rxf2 gxf2+ 19. Kxf2 $19) 17. exd6 (17. Bxh4 $142 Nxh4 (17... gxh4 18. exd6 Kg7 19. e5 $17) 18. exd6 Qxd6 19. Nxh4 gxh4 20. e5) 17... hxg3 18. hxg3 Nxg3 (18... Qxd6 19. e5 Nxe5 20. Nxe5 $17) 19. Rfe1 Kg7 {[%emt 0:13:27][%cal Of8h8] [#] ( -> ...Rh8!)} (19... Qxd6 20. e5 Bf5 21. Qxf5 (21. exd6 $2 Bxc2 22. Nxg5 Kg7 $19) 21... Nxf5 22. exd6 $11) 20. Nd4 (20. e5 Rh8 21. Nh2 Rxh2) 20... Qxd6 21. fxg3 (21. Qd3 $142 Bxd4 22. cxd4) 21... Ne5 (21... Bxd4+ 22. cxd4 Qxd4+ (22... Qxg3 23. Qc3 $14) 23. Kf1 $17) (21... Qxg3 22. Nf1 Qf4 23. Re2 $19) 22. Kf1 (22. Re3 $142 Ng4 23. Rf3) 22... f5 23. Ke2 (23. Nxf5+ $2 Bxf5 24. exf5 Qc5 $19) 23... fxe4 {[%emt 0:00:02] [#] Threatens to win with ...Bg4+.} 24. Qxe4 (24. Kd1 e3 25. Ra4) 24... Bg4+ 25. N2f3 Rae8 {[%emt 0:00:30][%cal Oe5f3] White must now prevent ...Nxf3!} ({Not} 25... Nxc4 26. Qxg4 Qg6 27. Kf1 $16 (27. Nxg5 Rf6 $16) (27. Qxg5 $2 {too greedy.} Rae8+ 28. Kd1 Nxb2+ 29. Kd2 Qxg5+ 30. Nxg5 Rf2+ 31. Re2 Bxd4 $19) (27. Ne6+ Kg8 $16)) 26. Ne6+ Bxe6 27. Bxe6 Nxf3 {[%emt 0:00:43] Black took control after the opening.   Weighted Error Value: White=0.95/Black=0.23 (precise) .  Mistake:       	White=7     	---        Inaccurate:     	White=2     	Black=1      OK:         	White=4     	Black=7      Best:        	White=1     	Black=4} 0-1

[Event "French Top 16-A 2024"]
[Site "Chartres"]
[Date "2024.06.03"]
[Round "5.15"]
[White "Milliet, Sophie"]
[Black "Auvray, Juliette"]
[Result "1-0"]
[ECO "B53"]
[WhiteElo "2385"]
[BlackElo "1974"]
[Annotator "RC"]
[PlyCount "83"]
[EventDate "2024.06.01"]
[EventType "team-tourn"]
[EventCountry "FRA"]
[SourceTitle "playchess.com"]
[Source "ChessBase"]
[SourceQuality "1"]
[TimeControl "40/5400+30:1800+30"]

1. e4 c5 2. Nf3 d6 3. Nc3 Nf6 4. d4 cxd4 5. Qxd4 Nc6 6. Qe3 g6 7. Bc4 Bg7 8. h3 O-O 9. O-O Bd7 10. Rd1 Rc8 11. Qe2 a6 12. a4 Qc7 13. Bg5 Na5 14. Ba2 h6 15. Bxf6 Bxf6 16. Nd5 Qxc2 17. Rd2 Qc7 18. Rdd1 Qc2 19. Rd2 Qxa4 20. Nxf6+ Kg7 21. Nxd7 Qxd7 22. e5 Qa4 23. Qe1 Nb3 24. Qd1 Nc5 25. Qxa4 Nxa4 26. exd6 exd6 27. Bd5 b5 28. b3 Nc5 29. b4 Na4 30. Bb3 Rc6 31. Bxa4 bxa4 32. Rxa4 Rb8 33. Kh2 Kf6 34. Rd4 Ke7 35. Nd2 Rcb6 36. Ne4 R8b7 37. Nc3 Ke6 38. Re4+ Kd7 39. Nd5 Rb5 40. Nf6+ Kc7 41. Rxa6 Rf5 42. Ne8+ 1-0

[Event "French Top 16-A 2024"]
[Site "Chartres"]
[Date "2024.06.03"]
[Round "5.15"]
[White "Ricou, Guillaume"]
[Black "Tahay, Alexis"]
[Result "0-1"]
[ECO "B57"]
[WhiteElo "2004"]
[BlackElo "2376"]
[Annotator "RC"]
[PlyCount "58"]
[EventDate "2024.06.01"]
[EventType "team-tourn"]
[EventCountry "FRA"]
[SourceTitle "playchess.com"]
[Source "ChessBase"]
[SourceQuality "1"]
[TimeControl "40/5400+30:1800+30"]

1. e4 c5 2. Nf3 d6 3. d4 cxd4 4. Nxd4 Nf6 5. Nc3 Nc6 6. Bc4 Qb6 7. Be3 Qxb2 8. Ndb5 Qb4 9. Bd3 Qa5 10. Bd2 Qd8 11. O-O a6 12. Na3 e6 13. Nc4 d5 14. exd5 exd5 15. Qe2+ Be6 16. Ne5 Nxe5 17. Qxe5 Bd6 18. Qd4 Qc7 19. Qa4+ Ke7 20. Qh4 h6 21. Rfe1 g5 22. Qd4 Qc5 23. Qa4 b5 24. Qb3 Rhe8 25. Qb2 Qd4 26. Be3 Qb4 27. Qxb4 Bxb4 28. Bd4 Rac8 29. Nxd5+ Nxd5 0-1

[Event "French Top 16-A 2024"]
[Site "Chartres"]
[Date "2024.06.03"]
[Round "5.16"]
[White "Mathieu, Phileas"]
[Black "Tamburro, Clemence"]
[Result "1-0"]
[ECO "A20"]
[WhiteElo "2302"]
[BlackElo "1747"]
[Annotator "RC"]
[PlyCount "41"]
[EventDate "2024.06.01"]
[EventType "team-tourn"]
[EventCountry "FRA"]
[SourceTitle "playchess.com"]
[Source "ChessBase"]
[SourceQuality "1"]
[TimeControl "40/5400+30:1800+30"]

1. a3 e5 2. c4 Nf6 3. e3 Be7 4. Nc3 O-O 5. Qc2 c6 6. Nf3 Qc7 7. d4 exd4 8. exd4 Re8 9. Be3 Ng4 10. Bd3 g6 11. O-O-O Nxe3 12. fxe3 d6 13. h4 Nd7 14. h5 Nf8 15. Rdf1 Bf6 16. Ne4 Bh8 17. Nfg5 f5 18. hxg6 hxg6 19. Nxd6 Rxe3 20. c5 Bxd4 21. Qc4+ 1-0

[Event "French Top 16-A 2024"]
[Site "Chartres"]
[Date "2024.06.03"]
[Round "5.16"]
[White "Hirth, Julien"]
[Black "Barbot, Pierre"]
[Result "0-1"]
[ECO "C54"]
[WhiteElo "2063"]
[BlackElo "2425"]
[Annotator "RC"]
[PlyCount "85"]
[EventDate "2024.06.01"]
[EventType "team-tourn"]
[EventCountry "FRA"]
[SourceTitle "playchess.com"]
[Source "ChessBase"]
[SourceQuality "1"]
[TimeControl "40/5400+30:1800+30"]

1. e4 e5 2. Nf3 Nc6 3. Bc4 Bc5 4. c3 Nf6 5. d4 exd4 6. e5 d5 7. Bb5 Ne4 8. cxd4 Bb6 9. Nc3 O-O 10. Be3 Bg4 11. h3 Bh5 12. Qc2 Bg6 13. Qb3 Ne7 14. O-O c6 15. Bd3 Nd2 16. Nxd2 Bxd3 17. Rfe1 Bg6 18. Na4 Nf5 19. Nxb6 Qxb6 20. Qc3 f6 21. Nf3 Rae8 22. Bf4 Qd8 23. b4 Ne7 24. a4 Be4 25. exf6 Ng6 26. Bg5 gxf6 27. Bh6 Rf7 28. b5 cxb5 29. axb5 Qb6 30. Qa5 Rfe7 31. Qxa7 Qxa7 32. Rxa7 Bxf3 33. Rxe7 Rxe7 34. gxf3 Nh4 35. Ra8+ Kf7 36. Rd8 Ke6 37. Bf4 Rd7 38. Rb8 Nxf3+ 39. Kg2 Nxd4 40. b6 Nc6 41. Rc8 d4 42. Kf1 Re7 43. Ke2 0-1

[Event "French Top 16-A 2024"]
[Site "Chartres"]
[Date "2024.06.04"]
[Round "6.1"]
[White "Erigaisi Arjun"]
[Black "Pichot, Alan"]
[Result "1/2-1/2"]
[ECO "D35"]
[WhiteElo "2762"]
[BlackElo "2635"]
[Annotator "TA"]
[PlyCount "57"]
[EventDate "2024.06.01"]
[EventType "team-tourn"]
[EventCountry "FRA"]
[SourceTitle "playchess.com"]
[Source "ChessBase"]
[SourceQuality "1"]
[TimeControl "40/5400+30:1800+30"]

1. d4 Nf6 2. c4 e6 3. Nf3 d5 4. cxd5 exd5 5. Nc3 h6 6. Bf4 Bd6 7. Bxd6 Qxd6 8. e3 O-O 9. Bd3 Bg4 10. h3 Bxf3 11. Qxf3 Nbd7 12. g4 c5 13. O-O-O Rfc8 14. Kb1 $1 {[%emt 0:00:00] With the idea h4. White is much more active.} c4 15. Bf5 b5 16. Qf4 $1 Qc6 17. e4 b4 $36 {[%emt 0:04:28][%mdl 2048] Black is more active.} 18. Nxd5 Nxd5 19. exd5 Qf6 ({Of course not} 19... Qxd5 $6 20. Be4 Qa5 21. Bxa8 Rxa8 22. d5 $18) (19... Qa4 $1 $11) 20. Qg3 (20. Rdg1 $1 $14 Re8 21. g5 hxg5 22. Rxg5) 20... Rd8 {[%emt 0:04:16] The position is equal.} (20... c3 $5) 21. h4 Nb6 22. Be4 Qd6 23. g5 Qxg3 24. fxg3 Nxd5 25. gxh6 gxh6 26. Rc1 Rac8 27. Rhf1 {[%emt 0:00:00] Prevents Nf6} Kg7 28. Bh1 c3 {[%emt 0:04:33][%cal Oc3c2] [#] Hoping for ...c2+!} 29. Bxd5 {[%emt 0:00:00] Weighted Error Value: White=0.07 (flawless) /Black=0.09 (flawless) .  Mistake:       	White=1     	Black=1      Inaccurate:     	White=1     	Black=2      OK:         	White=12    	Black=11     Best:        	---       	Black=1      Strong:       	White=2     	---} 1/2-1/2

[Event "French Top 16-A 2024"]
[Site "Chartres"]
[Date "2024.06.04"]
[Round "6.1"]
[White "Alonso Rosell, Alvar"]
[Black "Albornoz Cabrera, Carlos Daniel"]
[Result "1/2-1/2"]
[ECO "B53"]
[WhiteElo "2556"]
[BlackElo "2612"]
[Annotator "TA"]
[PlyCount "67"]
[EventDate "2024.06.01"]
[EventType "team-tourn"]
[EventCountry "FRA"]
[SourceTitle "playchess.com"]
[Source "ChessBase"]
[SourceQuality "1"]
[TimeControl "40/5400+30:1800+30"]

1. e4 c5 2. Nf3 d6 3. d4 cxd4 4. Qxd4 Nf6 5. Nc3 Nc6 6. Bb5 Bd7 7. Bxc6 Bxc6 8. Bg5 e6 9. O-O-O Be7 10. Rhe1 O-O 11. e5 dxe5 12. Nxe5 Qa5 13. Nxc6 bxc6 {[%emt 0:00:23] White has an edge.} 14. Ne4 (14. Qe5 {simplifies} Qb4 15. Ne4 Nxe4 16. Bxe7 Qxe7 17. Rxe4 Rad8 18. Red4) 14... Qxa2 (14... Rfd8 $11 15. Qc4 (15. Nxf6+ $2 {loses.} gxf6 16. Qg4 fxg5 $19) 15... Nd5 16. Bxe7 (16. Qxc6 $2 {perishes.} Nb4 $19) 16... Nxe7) 15. Nxf6+ $14 (15. Bxf6 $2 {too greedy.} Rad8 16. Re3 Rxd4 17. Bxd4 Rd8 $19) 15... gxf6 {[%emt 0:02:17] Black is weak on the dark squares} 16. Bxf6 {[%emt 0:00:43][%cal Rd4g4] [#]} Qa1+ 17. Kd2 Qa5+ 18. Ke2 {[%emt 0:05:24] White wants to mate with Qg4+. Dancing on a razor blade.} Qh5+ 19. g4 Bxf6 20. Qxf6 Qg6 21. Qxg6+ hxg6 {[%emt 0:00:11][%mdl 4096] Endgame. KRR-KRR} 22. Rd7 Rfb8 23. b3 Rb4 24. h3 a5 25. Ra1 Kg7 26. Rd6 c5 {[%emt 0:03:43] The position is equal.} 27. Rc6 Rh8 28. Rxc5 Rxh3 29. Ra4 Rxa4 30. bxa4 Rh4 31. f3 f5 $1 32. gxf5 gxf5 33. Rxa5 Kf6 34. c3 {[%emt 0:02:23] Weighted Error Value: White=0.06 (flawless) /Black=0.07 (flawless) .  Mistake:       	---       	Black=1      Inaccurate:     	White=2     	---        OK:         	White=6     	Black=10     Best:        	White=2     	Black=2      Strong:       	---       	Black=1} 1/2-1/2

[Event "French Top 16-A 2024"]
[Site "Chartres"]
[Date "2024.06.04"]
[Round "6.2"]
[White "Ter-Sahakyan, Samvel"]
[Black "Postny, Evgeny"]
[Result "1/2-1/2"]
[ECO "C54"]
[WhiteElo "2652"]
[BlackElo "2602"]
[Annotator "TA"]
[PlyCount "206"]
[EventDate "2024.06.01"]
[EventType "team-tourn"]
[EventCountry "FRA"]
[SourceTitle "playchess.com"]
[Source "ChessBase"]
[SourceQuality "1"]
[TimeControl "40/5400+30:1800+30"]

1. e4 e5 2. Nf3 Nc6 3. Bc4 Nf6 4. d3 Bc5 5. c3 h6 6. O-O d6 7. Re1 O-O 8. h3 Bb6 9. Nbd2 Ne7 10. a4 {[%emt 0:00:00] Threatens to win with a5.} c6 11. d4 Ng6 12. Bf1 Bc7 13. dxe5 dxe5 14. b4 a5 15. Ba3 axb4 16. cxb4 Re8 17. a5 b6 18. axb6 Bxb6 19. Nc4 Qxd1 20. Rexd1 Bc7 21. Nfd2 Be6 22. Bb2 Red8 23. Bc3 Rxa1 24. Rxa1 Bxc4 $1 25. Nxc4 Nxe4 26. Be1 Ne7 27. h4 Nf6 28. Rc1 Nfd5 29. Na5 Bd6 30. Nb7 Rd7 31. Nxd6 Rxd6 32. b5 cxb5 33. Bxb5 Rb6 34. Bf1 g6 35. g3 Kg7 36. Bg2 f5 37. Rd1 Rb5 38. Ra1 Kf6 39. Bd2 g5 40. Ra6+ Rb6 41. hxg5+ hxg5 42. Ra5 e4 43. g4 Rb1+ 44. Kh2 Rb2 45. Ra6+ Ke5 46. Bxg5 Rxf2 {[%emt 0:03:21] Strongly threatening ...f4.} 47. Bxe7 Nxe7 48. gxf5 (48. Kg3 $11 e3 49. Ra5+ Kf6 50. Bf3) 48... Nxf5 $11 {[%emt 0:00:26][%mdl 4096] Endgame. KRB-KRN} 49. Ra5+ Kf4 {[%emt 0:01:08] ( -> ...Nh4)} 50. Ra4 Ng3 51. Kh3 Rd2 52. Bxe4 Nxe4 $15 {[%emt 0:00:07] KRN-KR} 53. Rb4 Ra2 54. Rd4 Ra3+ 55. Kh4 Ra8 56. Kh5 $1 Rg8 57. Ra4 Rg1 58. Rb4 Kf5 59. Rb5+ Ke6 60. Rb6+ Nd6 61. Ra6 {[%emt 0:00:16] [#]} Kf5 $1 62. Ra5+ Kf4 63. Ra4+ Ne4 64. Rb4 $1 Rg5+ 65. Kh4 Ra5 66. Rd4 Ra2 (66... Ra7 $15 67. Kh5 Ke5) 67. Kh5 (67. Kh3 $1 $11) 67... Rh2+ 68. Kg6 Ke5 69. Ra4 Rg2+ 70. Kh5 Nf6+ 71. Kh4 Rg8 72. Ra5+ Nd5 73. Rc5 Ke4 74. Rc4+ Kf3 75. Ra4 Nc3 76. Ra3 {[%emt 0:01:15] [#]} Kf4 $1 77. Kh5 Ne4 78. Ra4 $1 Rg5+ 79. Kh4 {[%emt 0:00:00] The position is equal.} Rb5 80. Rd4 Kf5 81. Rd8 Rb3 82. Rd5+ $1 Kf4 83. Rd4 Rb1 84. Kh5 Ke5 85. Ra4 Rh1+ 86. Kg4 Rg1+ 87. Kh5 Rg2 88. Ra5+ Ke6 89. Ra6+ Nd6 90. Kh4 Rg8 91. Ra5 Nf5+ 92. Kh5 Ng3+ 93. Kh4 Ne4 94. Kh5 Kd6 95. Ra6+ Ke5 96. Ra5+ Kf4 97. Ra4 Rg5+ 98. Kh4 Rc5 99. Rb4 Kf3 100. Rb3+ Nc3 101. Ra3 Kf4 102. Ra8 Rf5 {[%emt 0:00:18] Prevents Rf8.} 103. Ra1 Ke5 {[%emt 0:00:34] Weighted Error Value: White=0.06 (flawless) /Black=0.04 (flawless) .  Mistake:       	White=2     	Black=1      Inaccurate:     	White=2     	Black=3      OK:         	White=44    	Black=30     Best:        	White=4     	Black=2      Strong:       	White=4     	Black=2} 1/2-1/2